 Dungeon Crawl Stone Soup version 0.31.0-32-g396128a36d (webtiles) character file.

Game seed: 3371927638121980453

39541 PaiMei the Black Sun (level 13, -4/104 HPs)
             Began as a Demonspawn Necromancer on Apr 16, 2024.
             Was a High Priest of Kikubaaqudgha.
             Slain by a death yak (45 damage)
             ... on level 5 of the Lair of Beasts.
             The game lasted 00:46:20 (28520 turns).

PaiMei the Black Sun (Demonspawn Necromancer)      Turns: 28520, Time: 00:46:20

Health: -4/104     AC: 17    Str:  8    XL:     13   Next: 69%
Magic:  26/28      EV:  2    Int: 26    God:    Kikubaaqudgha [*****.]
Gold:   1048       SH:  0    Dex: 21    Spells: 8/34 levels left

rFire   + . .        r - +2 hammer (protect)
rCold   . . .        (no shield)
rNeg    . . .        S - +0 ring mail {rF+}
rPois   .            B - +0 helmet
rElec   .            z - +0 cloak
rCorr   .            (gloves unavailable)
SInv    .            C - +0 pair of boots
Will    .....        O - amulet of the acrobat
Stlth   ++           P - +6 ring of dexterity
HPRegen 0.37/turn    D - +6 ring of intelligence
MPRegen 0.42/turn

%: acrobat
@: mighty, sleeping, sanguine armoured
A: claws 3, powered by pain 2, magic regeneration, sanguine armour 2
a: Renounce Religion, Unearth Wretches, Torment


You were on level 5 of the Lair of Beasts.
You worshipped Kikubaaqudgha.
Kikubaaqudgha was extremely pleased with you.
You visited 2 branches of the dungeon, and saw 16 of its levels.
You also visited: Ossuary.

You collected 1160 gold pieces.
You spent 112 gold pieces at shops.

Inventory:

Hand Weapons
 r - a +2 hammer of protection (weapon)
 Y - a +3 trident of draining
Missiles
 u - 25 poisoned darts
 Q - 9 curare-tipped darts
 W - 5 silver javelins
Armour
 c - a +0 kite shield
 z - a +0 cloak (worn)
 B - a +0 helmet (worn)
 C - a +0 pair of boots (worn)
 S - a +0 ring mail of fire resistance (worn)
Magical Staves
 M - a staff of death
Jewellery
 a - a ring of resist corrosion
 e - a ring of ice
 i - a ring of willpower
 l - a ring of flight
 p - a ring of resist corrosion
 v - an amulet of reflection
 D - a +6 ring of intelligence (right claw)
 L - a ring of protection from fire
 O - an amulet of the acrobat (around neck)
 P - a +6 ring of dexterity (left claw)
 T - a ring of protection from fire
 V - an amulet of regeneration
 X - a ring of fire
Wands
 x - a wand of iceblast (25)
 A - a wand of flame (42)
 J - a wand of digging (4)
 U - a wand of charming (6)
Scrolls
 f - 10 scrolls of teleportation
 g - 2 scrolls of fog
 h - 3 scrolls of torment
 j - 5 scrolls of revelation
 m - a scroll of acquirement
 q - 7 scrolls of poison
 s - a scroll of fear
 y - 5 scrolls of immolation
 E - a scroll of silence
 F - 2 scrolls of vulnerability
 N - 2 scrolls of enchant armour
 R - a scroll of blinking
 Z - a scroll of identify
Potions
 b - 2 potions of magic
 d - 2 potions of heal wounds
 k - a potion of degeneration {unknown}
 n - a potion of attraction {unknown}
 o - a potion of ambrosia {unknown}
 t - 4 potions of might
 w - 4 potions of brilliance
 G - 3 potions of enlightenment
 H - 3 potions of curing
 I - 2 potions of lignification
 K - 4 potions of haste


   Skills:
 - Level 10.3 Fighting
 + Level 11.4 Dodging
 - Level 2.0 Stealth
 + Level 11.3 Spellcasting
 + Level 13.8 Necromancy
 + Level 5.5 Earth Magic


You had 8 spell levels left.
You knew the following spells:

 Your Spells              Type           Power      Damage    Failure   Level
a - Necrotise             Necr           100%       1d9       1%          1
b - Vampiric Draining     Necr           72%        2d11      1%          3
c - Animate Dead          Necr           72%        N/A       1%          4
d - Curse of Agony        Necr           72%        N/A       1%          5
e - Borgnjor's Vile Clut  Necr/Erth      30%        N/A       6%          5
f - Anguish               Hex/Necr       25%        N/A       7%          4
g - Martyr's Knell        Necr/Summ      50%        N/A       7%          4

Your spell library contained the following spells:

 Spells                   Type           Power      Damage    Failure   Level
 Sublimation of Blood     Necr           72%        N/A       1%          2
 Fugue of the Fallen      Necr           72%        N/A       1%          3
 Cigotuvi's Dreadful Rot  Necr/Alch/Air  76%        N/A       2%          2
 Death Channel            Necr           36%        N/A       6%          6
 Magic Dart               Conj           56%        1d5       12%         1
 Shock                    Conj/Air       56%        1d6       12%         1
 Slow                     Hex            56%        N/A       12%         1
 Summon Small Mammal      Summ           56%        N/A       12%         1
 Blink                    Tloc           28%        N/A       19%         2
 Call Imp                 Summ           28%        N/A       19%         2
 Lesser Beckoning         Tloc           28%        N/A       19%         2
 Momentum Strike          Conj/Tloc      28%        3d8       19%         2
 Scorch                   Fire           28%        2d6       19%         2
 Call Canine Familiar     Summ           14%        N/A       36%         3
 Confusing Touch          Hex            14%        N/A       36%         3
 Frozen Ramparts          Ice            28%        1d5       36%         3
 Gell's Gravitas          Tloc           14%        N/A       36%         3
 Hailstorm                Conj/Ice       14%        3d6       36%         3
 Sigil of Binding         Hex            14%        N/A       36%         3
 Summon Ice Beast         Ice/Summ       14%        N/A       36%         3
 Swiftness                Air            14%        N/A       36%         3
 Teleport Other           Tloc           14%        N/A       36%         3
 Leda's Liquefaction      Alch/Erth      14%        N/A       36%         4
 Petrify                  Alch/Erth      29%        N/A       36%         4
 Airstrike                Air            7%         2d(1-17)  77%         4
 Flame Wave               Conj/Fire      14%        2d6       77%         4
 Summon Blazeheart Golem  Fire/Summ      14%        N/A       77%         4
 Vhi's Electric Charge    Tloc/Air       28%        N/A       77%         4
 Infestation              Necr           36%        N/A       95%         8
 Arcjolt                  Conj/Air       7%         1d17      98%         5
 Irradiate                Conj/Alch      7%         3d14      98%         5
 Metabolic Englaciation   Hex/Ice        7%         N/A       98%         5
 Summon Forest            Summ/Tloc      7%         N/A       98%         5
 Summon Mana Viper        Hex/Summ       14%        N/A       98%         5
 Haunt                    Necr/Summ      25%        N/A       99%         7
 Dispersal                Tloc           7%         N/A       100%        6
 Plasma Beam              Fire/Air       7%         2x1d17    100%        6
 Sculpt Simulacrum        Ice/Alch       7%         N/A       100%        6
 Summon Cactus Giant      Summ           7%         N/A       100%        6


Dungeon Overview and Level Annotations

Branches:
Dungeon (11/15)            Temple (0/1) D:7            Lair (5/5) D:8
 Shoals (0/4) Lair:2        Snake (0/4) Lair:3        Slime (0/5) Lair:4
    Orc (0/2) D:9         Ossuary (visited)

Altars:
Kikubaaqudgha
Nemelex Xobeh
Ru
Uskayaw
Vehumet
Yredelemnul
Jiyva

Shops:
D:5 *   D:8 *

Annotations:
D:6 Menkaure
Lair:4 Nessos


Innate Abilities, Weirdness & Mutations

You have claws for hands.
You sometimes gain power by taking damage.
You regenerate magic rapidly.
When seriously injured, your blood forms thick armour. (AC +9)


Message History

The dream sheep misses you.
Casting: Vampiric Draining (safe; 1% risk of failure)
Confirm with . or Enter, or press ? or * to list all spells.
Aiming: Vampiric Draining (safe; 1% risk of failure)
Press: ? - help, Shift-Dir - straight line, f - dream sheep
Aim: a dream sheep You draw life force from the dream sheep!
You feel life coursing into your body!
Your blood armour dries and flakes away.
The dream sheep closely misses you. The dream sheep headbutts you!
Your blood congeals into armour.
The death yak misses you. The dream sheep completely misses you.
The dream sheep ruffle their wool and motes of dream dust sparkle, to no effect.
The death yak attacks as it pursues you!
The death yak gores you but does no damage.
The death yak attacks as it pursues you!
The death yak gores you!
The dream sheep ruffle their wool and motes of dream dust sparkle, to no effect. x2
You see here 6 stones.
The death yak attacks as it pursues you!
The death yak closely misses you.
The dream sheep ruffles its wool and motes of dream dust sparkle, to no effect.
The dream sheep shake their wool and sparkle.
You feel drowsy...
You fall asleep.
The death yak gores you!
You wake up.
You focus on the pain.
You feel your power returning.
The death yak attacks as it pursues you!
The death yak gores you!
The death yak attacks as it pursues you!
The death yak closely misses you.
The death yak attacks as it pursues you!
The death yak completely misses you.
There is a stone staircase leading up, spattered with blood here.
The death yak misses you.
The dream sheep shake their wool and sparkle.
You feel drowsy...
You fall asleep.
You stop ascending the stairs.
The death yak gores you!!!
You die...
Kikubaaqudgha rasps: "You have failed me!
Welcome... death!"

####### ############.#...#
########
#...##P..P#...#.####..##..#
##.....P...................
#..............###.##...#.
#.##.#.##......# ########.
#..##.##...#...####### ###
#..####...##..P##.#..###P.
##.(....YY@P....###....#..P
#..P#..Y.......###.........
#......Y.....#.# #P....###.
##...Y.Y####...# ##..### ##
#..#.#(### ##..P# #### #.
##....#.#.#.. ...# ##### ##
#.#..(....... ...#
##.#..### ###.......... ...
......... ##..........
.........


You could see 4 death yaks and 2 dream sheep.

Vanquished Creatures
  Snorg (Lair:4)
  3 hydras
  A two-headed ogre (D:10)
  A death yak (Lair:3)
  Sonja (Lair:4)
  Amaemon (D:8)
  A necromancer (Lair:3)
  A manticore (Lair:2)
  A salamander (Lair:3)
  2 black mambas
  6 elephants (Lair:4)
  A torpor snail (Lair:4)
  An orange demon (Lair:1)
  6 cane toads
  2 rime drakes (Lair:2)
  8 komodo dragons
  A hornet (D:8)
  2 polar bears (Lair:3)
  3 trolls
  A wind drake (Lair:2)
  15 blink frogs
  5 dream sheep (Lair:5)
  35 yaks
  A human (D:9)
  A wraith (D:10)
  A basilisk (Lair:4)
  4 steam dragons
  4 wyverns
  A vampire mosquito (D:10)
  Edmund (D:6)
  3 acid dragons
  2 nagas (Lair:3)
  18 water moccasins
  3 orc warriors
  5 sky beasts
  A black bear (D:8)
  2 ice beasts (D:7)
  10 wolves
  4 phantoms
  3 centaurs
  2 kobold brigands
  Blork the orc (D:6)
  18 bullfrogs
  3 scorpions
  A water moccasin zombie (D:5)
  2 water moccasin skeletons (D:5)
  A wight (Ossuary)
  6 killer bees
  2 crimson imps (D:10)
  4 bullfrog zombies
  2 centaur zombies (Ossuary)
  A lava snake (Lair:1)
  3 jellies
  6 orc priests
  A gnoll bouda (D:7)
  2 hounds
  2 scorpion zombies (Ossuary)
  Crazy Yiuf (D:3)
  Terence (D:2)
  3 orc wizards (D:9)
  4 hell rats (D:8)
  A polar bear simulacrum (Lair:3)
  3 yak simulacra (Lair:3)
  4 wolf simulacra (Lair:3)
  A killer bee zombie (D:5)
  An ogre zombie (Ossuary)
  A hound zombie (D:5)
  Robin (D:3)
  4 gnolls (D:7)
  A river rat (Lair:3)
  5 adders
  A shadow imp (D:5)
  4 adder zombies (Ossuary)
  A dart slug (D:3)
  A ribbon worm (D:4)
  27 orcs
  13 endoplasms
  5 giant cockroaches
  2 gnoll zombies (Ossuary)
  8 goblins
  14 hobgoblins
  5 quokkas
  5 ball pythons
  6 bats
  2 frilled lizards
  3 goblin zombies (Ossuary)
  2 hobgoblin zombies (Ossuary)
  15 kobolds
  3 orc zombies (Ossuary)
  8 rats
  3 river rat simulacra (Lair:3)
379 creatures vanquished.

Vanquished Creatures (collateral kills)
  A death yak (Lair:5)
  A skyshark (Lair:4)
  A black mamba (Lair:5)
  3 cane toads
  Jeremiah (Lair:1)
  2 komodo dragons (Lair:4)
  A polar bear (Lair:5)
  9 yaks
  A fire elemental (Lair:1)
  2 water moccasins
  3 wolves (Lair:5)
  5 crimson imps (D:10)
  4 jellies (Lair:4)
  A hell rat (Lair:1)
  A white imp (D:10)
  2 orcs
  An endoplasm (Lair:4)
  A hobgoblin (D:3)
  A kobold (D:5)
  A ball python (D:1)
  A frilled lizard (D:2)
43 creatures vanquished.

Vanquished Creatures (others)
  Urug (D:10)
  A gargoyle (D:10)
  A human zombie (Lair:3)
  A two-headed ogre zombie (D:10)
  2 cane toad zombies (Lair:1)
  A torpor snail zombie (Lair:4)
  A water moccasin zombie (Lair:5)
  2 polar bear zombies
  4 yak zombies
  A crimson imp (D:10)
15 creatures vanquished.

Grand Total: 437 creatures vanquished

Notes
Turn   | Place    | Note
-------+----------+-------------------------------------------
     0 | D:1      | PaiMei the Demonspawn Necromancer began the quest for the
                  | Orb.
     0 | D:1      | Reached XP level 1. HP: 13/13 MP: 3/3
   386 | D:1      | Gained mutation: You regenerate magic rapidly. [demonic
                  | ancestry]
   386 | D:1      | Reached XP level 2. HP: 19/19 MP: 0/5
   820 | D:1      | Found a faded altar of an unknown god.
  1385 | D:2      | Gained mutation: When seriously injured, your blood forms
                  | armour. (AC +9) [demonic ancestry]
  1385 | D:2      | Reached XP level 3. HP: 25/25 MP: 3/6
  1389 | D:2      | Learned a level 3 spell: Vampiric Draining
  1457 | D:2      | Noticed Terence
  1586 | D:2      | Reached skill level 1 in Fighting
  2056 | D:2      | Identified the +1 mace of the Orb {freeze, *Slow rPois
                  | Stlth+}
  2091 | D:2      | Killed Terence
  2092 | D:2      | Reached skill level 5 in Necromancy
  2092 | D:2      | Reached XP level 4. HP: 32/32 MP: 0/8
  2580 | D:3      | Found a runed translucent door.
  2583 | D:3      | Noticed Crazy Yiuf
  2962 | D:3      | Noticed Robin
  3138 | D:3      | Found an ancient bone altar of Kikubaaqudgha.
  3154 | D:3      | Learned a level 4 spell: Animate Dead
  3158 | D:3      | Became a worshipper of Kikubaaqudgha
  3555 | D:3      | Killed Crazy Yiuf
  3556 | D:3      | Gained mutation: You have sharp fingernails. [demonic
                  | ancestry]
  3556 | D:3      | Reached XP level 5. HP: 38/38 MP: 5/9
  3658 | D:3      | Killed Robin
  3940 | D:4      | Reached * piety under Kikubaaqudgha
  3940 | D:4      | Received a gift from Kikubaaqudgha
  4394 | D:5      | Entered Level 5 of the Dungeon
  4403 | D:5      | Found a hide-covered altar of Uskayaw.
  4403 | D:5      | Found a basalt altar of Yredelemnul.
  4439 | D:5      | Gained mutation: You have very sharp fingernails. [demonic
                  | ancestry]
  4439 | D:5      | Reached XP level 6. HP: 44/46 MP: 9/11
  4485 | D:5      | Found a sand-covered staircase.
  4506 | Ossuary  | Entered an ossuary
  4836 | Ossuary  | Gained mutation: You sometimes gain a little power by
                  | taking damage. [demonic ancestry]
  4836 | Ossuary  | Reached XP level 7. HP: 38/52 MP: 12/12
  4850 | Ossuary  | Reached skill level 6 in Necromancy
  4914 | Ossuary  | Reached ** piety under Kikubaaqudgha
  4915 | Ossuary  | Noticed a silent spectre
  5502 | D:5      | HP: 1/53 [poisoned by a kobold brigand (curare-tipped
                  | dart)]
  5902 | D:5      | Gained mutation: You sometimes gain power by taking damage.
                  | [demonic ancestry]
  5902 | D:5      | Reached XP level 8. HP: 47/61 MP: 14/14
  6029 | D:5      | Found Pata Qar's General Store.
  6037 | D:5      | Bought a scroll of blinking for 112 gold pieces
  6236 | D:6      | Noticed Edmund
  6249 | D:6      | Killed Edmund
  6250 | D:6      | Reached skill level 7 in Necromancy
  6260 | D:6      | Reached skill level 5 in Dodging
  6260 | D:6      | Reached skill level 5 in Spellcasting
  6460 | D:6      | Noticed Blork the orc
  6467 | D:6      | Killed Blork the orc
  6468 | D:6      | Reached skill level 5 in Fighting
  6498 | D:6      | Noticed Menkaure
  7031 | D:6      | Found a radiant altar of Vehumet.
  7265 | D:6      | Reached XP level 9. HP: 42/68 MP: 7/17
  7757 | D:7      | Found a sparkling altar of Nemelex Xobeh.
  7804 | D:7      | Reached skill level 8 in Necromancy
  8161 | D:7      | Found a staircase to the Ecumenical Temple.
  8267 | D:7      | Learned a level 5 spell: Curse of Agony
  8298 | D:7      | Reached *** piety under Kikubaaqudgha
  8298 | D:7      | Received a gift from Kikubaaqudgha
  9174 | D:8      | Reached skill level 9 in Necromancy
  9206 | D:8      | Found Yhoqeir's Gadget Gallery.
  9220 | D:8      | Gained mutation: When seriously injured, your blood forms
                  | thick armour. (AC +9) [demonic ancestry]
  9220 | D:8      | Reached XP level 10. HP: 70/79 MP: 5/20
 10196 | D:8      | Found a staircase to the Lair.
 11028 | D:9      | Reached **** piety under Kikubaaqudgha
 11547 | D:9      | Found a staircase to the Orcish Mines.
 11644 | D:9      | Reached skill level 10 in Necromancy
 11846 | D:9      | Found a sacrificial altar of Ru.
 12215 | D:10     | Entered Level 10 of the Dungeon
 12417 | D:10     | Noticed Urug
 12611 | D:10     | Gained mutation: You have claws for hands. [demonic
                  | ancestry]
 12611 | D:10     | Reached XP level 11. HP: 76/87 MP: 1/23
 13270 | D:10     | Learned a level 5 spell: Borgnjor's Vile Clutch
 13275 | D:10     | Learned a level 4 spell: Anguish
 13280 | D:10     | Learned a level 4 spell: Martyr's Knell
 13662 | D:10     | Killed Urug
 13943 | D:10     | Noticed a two-headed ogre
 13949 | D:10     | Killed a two-headed ogre
 15461 | Lair:1   | Entered Level 1 of the Lair of Beasts
 15620 | Lair:1   | Noticed Jeremiah
 15635 | Lair:1   | Reached skill level 11 in Necromancy
 15699 | Lair:1   | Killed Jeremiah
 15836 | Lair:1   | Noticed Amaemon
 15936 | D:8      | Killed Amaemon
 17963 | Lair:2   | Reached XP level 12. HP: 55/97 MP: 0/25
 18112 | Lair:2   | Found a staircase to the Shoals.
 18118 | Lair:2   | Reached skill level 10 in Fighting
 18899 | Lair:2   | Reached skill level 12 in Necromancy
 19417 | Lair:3   | Noticed a seven-headed hydra
 19428 | Lair:3   | Killed a seven-headed hydra
 20259 | Lair:3   | Reached skill level 1 in Earth Magic
 20563 | Lair:3   | Identified a scroll of acquirement
 20639 | Lair:3   | Reached skill level 10 in Spellcasting
 20788 | Lair:3   | Reached skill level 10 in Dodging
 21452 | Lair:3   | Found a staircase to the Snake Pit.
 22104 | Lair:4   | Noticed a death yak
 22124 | Lair:3   | Killed a death yak
 23440 | Lair:4   | Reached XP level 13. HP: 92/104 MP: 6/27
 23465 | Lair:4   | Reached skill level 13 in Necromancy
 23692 | Lair:4   | Reached ***** piety under Kikubaaqudgha
 23847 | Lair:4   | Found a viscous altar of Jiyva.
 23847 | Lair:4   | Found a staircase to the Slime Pits.
 24914 | Lair:5   | Entered Level 5 of the Lair of Beasts
 24914 | Lair:5   | Noticed Sonja
 25064 | Lair:5   | Noticed Nessos
 25557 | Lair:4   | Killed Sonja
 25888 | Lair:5   | Noticed Snorg
 26975 | Lair:5   | Reached skill level 5 in Earth Magic
 27524 | Lair:4   | Killed Snorg
 28520 | Lair:5   | Slain by a death yak

Illustrated notes

Levels and vault maps discovered:
D:1:      dpeg_arrival_three_smaller_balls, layout_basic,
          hellmonk_ecumenical_altar_pennies_from_heaven
D:2:      layout_basic, kennysheep_big_empty_room, uniq_terence
D:3:      layout_loops_corners, kiku_gazebo_pond_becter, hex_large, uniq_robin,
          uniq_crazy_yiuf_cottage
D:4:      wander_river, layout_basic
D:5:      cheibrodos_thug_alley, layout_basic, nicolae_overflow_two_pavilions,
          serial_shops, shop, serial_undead, serial_undead_f, serial_undead_f,
          serial_undead_c, serial_undead_c,
          nicolae_ossuary_entry_false_entrances, minmay_misc_feat_plants,
          minmay_crystal_room
D:6:      layout_cave_pods, nicolae_overflow_hidden_temple, kennysheep_path_1,
          uniq_menkaure, uniq_blork_the_orc, uniq_edmund
D:7:      layout_basic, nemelex_spade_bored_becter,
          minmay_temple_entry_metal_lava, solitary_fountain
D:8:      layout_rooms, due_lair_maze_entry_diamond, kennysheep_diamond,
          nicolae_shop_gadgets
D:9:      layout_irregular_city, nicolae_ru_the_path_less_chosen, erik_orc_4,
          lightli_orcish_oven
D:10:     minmay_evil_eye, layout_cave_pods, minmay_nine_imps, uniq_urug
D:11:     layout_basic, uniq_fannar, uniq_josephine
Lair:1:   layout_gridlike, enter_volcano_4, serial_bayou_shore_a, uniq_amaemon,
          uniq_jeremiah
Lair:2:   layout_regular_city, minmay_shoals_entry_beasts,
          gauntlet_entry_generic, grunt_megastairs_1
Lair:3:   layout_gridlike, alex1729_snake_entry_snake, eino_house_with_fridge
Lair:4:   layout_concentric_octagons, nicolae_slime_entry_slimehenge
Lair:5:   grunt_lair_end_beastmaster, layout_regular_city,
          small_statue_intersection, grunt_megastairs_3, uniq_nessos,
          uniq_snorg, uniq_sonja

Skill      XL: |  1  2  3  4  5  6  7  8  9 10 11 12 13 |
---------------+----------------------------------------+-----
Stealth        | 2 |  2.0
Dodging        | 2 3 4 5 6 8 9 10 11 | 11.4
Fighting       | 1 2 3 4 5 7 8 9 10 | 10.3
Necromancy     | 5 6 7 9 10 11 12 13 | 13.8
Spellcasting   | 3 4 5 6 8 9 10 11 | 11.3
Earth Magic    | 3 5 |  5.5

Action                     |  1- 3 |  4- 6 |  7- 9 | 10-12 | 13-15 || total
---------------------------+-------+-------+-------+-------+-------++-------
  Melee: Short sword       |     7 |       |       |       |       ||     7
         Punch             |     1 |     2 |       |    11 |       ||    14
         Mace              |       |   165 |   216 |   463 |    53 ||   897
         Dagger            |       |       |       |    16 |       ||    16
         Unarmed           |       |       |       |       |     2 ||     2
   Cast: Necrotise         |    82 |    77 |    80 |   154 |    36 ||   429
         Vampiric Draining |     1 |     2 |    70 |   330 |   142 ||   545
         Curse of Agony    |       |       |       |    14 |     7 ||    21
         Animate Dead      |       |       |       |     7 |     4 ||    11
         Anguish           |       |       |       |     5 |     2 ||     7
         Borgnjor's Vile C |       |       |       |     4 |     2 ||     6
  Evoke: Wand              |       |       |       |     6 |       ||     6
    Use: Potion            |       |       |     1 |     4 |       ||     5
         Scroll            |       |       |       |    17 |     3 ||    20
   Stab: Sleeping          |       |     1 |       |       |       ||     1
         Distracted        |       |       |       |     2 |       ||     2
 Armour: Robe              |    14 |   135 |   254 |   102 |       ||   505
         Leather armour    |       |       |       |    98 |       ||    98
         Ring mail         |       |       |       |   545 |   252 ||   797
         Skin              |       |       |       |       |     1 ||     1
  Dodge: Dodged            |    16 |   146 |   295 |   932 |   348 ||  1737
  Block: Other             |       |    50 |    18 |       |       ||    68
         Reflection        |       |     2 |       |       |       ||     2
